 Dungeon Crawl Stone Soup version 0.19.1 (webtiles) character file.

758 RaHiT the Conjurer (level 7, -3/46 HPs)
             Began as a Mummy Conjurer on Dec 25, 2016.
             Was an Initiate of Vehumet.
             Killed from afar by an orc wizard (8 damage)
             ... with a magic dart
             ... on level 4 of the Dungeon.
             The game lasted 00:21:22 (3760 turns).

RaHiT the Conjurer (Mummy Conjurer)                 Turns: 3760, Time: 00:21:23

Health: -3/46      AC:  5    Str: 11    XL:     7   Next: 50%
Magic:  0/15       EV: 12    Int: 16    God:    Vehumet [......]
Gold:   298        SH:  0    Dex: 13    Spells: 4 memorised, 6 levels left

rFire  x . .     SeeInvis .     u - +0 trident
rCold  + . .     Gourm    .     a - +0 robe
rNeg   + + +     Faith    .     (no shield)
rPois  ∞         Spirit   .     e - +0 helmet
rElec  .         Reflect  .     k - +0 cloak
rCorr  .         Harm     .     d - +0 pair of gloves
MR     .....                    (no boots)
Stlth  ++........               (no amulet)
                                (no ring)
                                (no ring)

@: no status effects
A: no food or potions, fire vulnerability, cold resistance 1, negative energy
resistance 3, torment resistance, unbreathing
a: Renounce Religion


You were on level 4 of the Dungeon.
You worshipped Vehumet.
Vehumet was noncommittal.
You were not hungry.

You visited 2 branches of the dungeon, and saw 5 of its levels.

You collected 298 gold pieces.

Inventory:

Hand Weapons
 c - a +0 flail of protection
 s - a +0 blowgun
 u - a +0 trident (weapon)
Missiles
 g - 84 arrows
 i - 3 curare-tipped needles
 t - 18 poisoned needles
Armour
 a - a +0 robe (worn)
 d - a +0 pair of gloves (worn)
 e - a +0 helmet (worn)
 k - a +0 cloak (worn)
 q - a +0 shield
Wands
 r - a wand of polymorph (5/24)
Scrolls
 f - a scroll of blinking
 h - 2 scrolls of enchant armour
 j - a scroll of magic mapping
 l - a scroll of enchant weapon
 m - a scroll of amnesia {unknown}
 n - a scroll of teleportation {unknown}
 p - a scroll of noise {unknown}
Books
 b - a book of Conjurations

   Spells                             Type                      Level
   a - Magic Dart                     Conjuration                  1
   b - Searing Ray                    Conjuration                  2
   c - Dazzling Spray                 Conjuration/Hexes            3
   d - Fulminant Prism                Conjuration/Hexes            4
   e - Iskenderun's Mystic Blast      Conjuration                  4
   f - Iskenderun's Battlesphere      Conjuration/Charms           5


   Skills:
 - Level 1.5 Dodging
 - Level 1.5 Stealth
 + Level 5.4 Spellcasting
 - Level 6.2 Conjurations


You had 6 spell levels left.
You knew the following spells:

 Your Spells              Type           Power        Failure   Level  Hunger
a - Magic Dart            Conj           ###.         1%          1    N/A
b - Iskenderun's Mystic   Conj           ###.....     12%         4    N/A
c - Dazzling Spray        Conj/Hex       ##....       14%         3    N/A
q - Searing Ray           Conj           ###...       1%          2    N/A

Dungeon Overview and Level Annotations

Branches:
Dungeon (4/15)             Temple (1/1) D:4

Altars:
Ashenzari
Dithmenos
Elyvilon
Fedhas
Gozag
Hepliaklqana
Kikubaaqudgha
Nemelex Xobeh
Okawaru
Qazlal
Ru
Sif Muna
Trog
Uskayaw
Vehumet
Xom
Yredelemnul
Zin
The Shining One


Innate Abilities, Weirdness & Mutations

You do not eat or drink.
Your flesh is vulnerable to fire.
You are immune to poison.
Your flesh is cold resistant. (rC+)
You are immune to negative energy. (rN+++)
You are immune to unholy pain and torment.
You can survive without breathing.


Message History

The orc wizard casts a spell at you. The puff of frost hits you! You resist.
The searing ray misses the orc wizard.
The orc wizard gestures at you while chanting.
The puff of flame hits you! The fire burns you terribly!
* * * LOW HITPOINT WARNING * * *
The searing ray hits the orc wizard.
The orc wizard is heavily wounded.
The orc wizard misses you. x2
Without enough magic to sustain it, your searing ray dissipates.
The orc wizard closely misses you.
Throwing (i - inventory):
o - a throwing net (quivered)
Press: ? - help, Shift-Dir - straight line, f/p - orc wizard
Aim: an orc wizard, wielding a dagger and wearing a robe (moderately wounded, fast)
You throw a throwing net.
The throwing net barely misses the orc wizard.
The orc wizard looks satisfied for a moment.
The orc wizard casts a spell at you. The magic dart hits you!
You die...

>>......)...##!..####
######.))
...########)))..## #....
...# #...### ###.. ...#
#...# #.# ...# #...### ###
##.# ...# #.....## ))
###..# ..## #......#####.#
##...## .##
##.......##.#'#...##### ##
#..####@###.)..# ###.##
#o#%..#..## ########...#
###...o.....#
.........#####..(.####...#
.......<.##....#### #..#
.........##.#### #..#
............# ###
........(#### .........#


You could see an orc wizard.

Vanquished Creatures
  Grinder (D:3)
  Eustachio (D:4)
  A scorpion (D:3)
  2 orc wizards (D:4)
  Jessica (D:3)
  2 iguanas (D:4)
  A howler monkey skeleton (D:4)
  4 gnolls (D:4)
  7 adders
  2 oozes
  3 worms
  A dart slug (D:3)
  4 leopard geckos
  9 orcs
  A ball python (D:2)
  11 bats
  12 giant cockroaches
  8 hobgoblins
  6 jackals (D:1)
  8 kobolds
  4 frilled lizards
  8 goblins
  6 rats
103 creatures vanquished.

Notes
Turn   | Place    | Note
-------+----------+-------------------------------------------
     0 | D:1      | RaHiT the Mummy Conjurer began the quest for the Orb.
     0 | D:1      | Reached XP level 1. HP: 13/13 MP: 3/3
   109 | D:1      | Reached XP level 2. HP: 18/19 MP: 0/5
   199 | D:1      | Learned a level 2 spell: Searing Ray
   531 | D:1      | Reached XP level 3. HP: 23/24 MP: 0/7
   912 | D:2      | Found a blossoming altar of Fedhas.
  1075 | D:2      | Reached XP level 4. HP: 29/30 MP: 5/10
  1082 | D:2      | Learned a level 4 spell: Iskenderun's Mystic Blast
  1086 | D:2      | Learned a level 3 spell: Dazzling Spray
  1177 | D:2      | Found a basalt altar of Yredelemnul.
  1688 | D:3      | Noticed Jessica
  1691 | D:3      | Killed Jessica
  1701 | D:3      | Reached XP level 5. HP: 33/35 MP: 4/12
  1798 | D:3      | Reached skill level 5 in Spellcasting
  1896 | D:3      | Noticed Grinder
  1916 | D:3      | Paralysed by Grinder for 7 turns
  1954 | D:3      | Killed Grinder
  1954 | D:3      | Reached skill level 4 in Conjurations
  1954 | D:3      | Reached XP level 6. HP: 41/41 MP: 2/13
  2432 | D:4      | Found a staircase to the Ecumenical Temple.
  2437 | Temple   | Entered the Ecumenical Temple
  2619 | Temple   | Became a worshipper of Vehumet
  2667 | D:4      | Reached skill level 5 in Conjurations
  2728 | D:4      | Noticed Eustachio
  3166 | D:4      | Found a deep blue altar of Sif Muna.
  3170 | D:4      | Found an ancient bone altar of Kikubaaqudgha.
  3180 | D:4      | Reached XP level 7. HP: 40/46 MP: 9/14
  3231 | D:4      | Killed Eustachio
  3231 | D:4      | Reached skill level 6 in Conjurations
  3583 | D:4      | Found a shattered altar of Ashenzari.
  3760 | D:4      | Killed from afar by an orc wizard

Skill      XL: |  1  2  3  4  5  6  7 |
---------------+----------------------+-----
Spellcasting   | 3 4 5 |  5.4
Conjurations   | 4 5 6 |  6.2
Dodging        | |  1.5
Stealth        | |  1.5

Action                   |  1- 3 |  4- 6 |  7- 9 || total
-------------------------+-------+-------+-------++-------
Melee: Spear             |    89 |    93 |    10 ||   192
       Trident           |       |       |    14 ||    14
 Fire: Blowgun           |       |       |    11 ||    11
Throw: Throwing net      |       |     2 |     1 ||     3
 Cast: Magic Dart        |    51 |    36 |     5 ||    92
       Searing Ray       |     4 |    22 |     7 ||    33
       Iskenderun's Myst |       |       |     2 ||     2
  Use: Scroll            |       |     4 |     1 ||     5
 Stab: Sleeping          |     3 |     3 |       ||     6
Armor: Robe              |    24 |    30 |     8 ||    62
Dodge: Dodged            |    53 |    66 |    23 ||   142
